 Dungeon Crawl Stone Soup version 0.16-a0-3641-g71d4c1b (console) character file.

228 Lightli the Covered (level 5, 24/46 HPs)
             Began as a Deep Dwarf Fighter on Jan 13, 2015.
             Quit the game on level 3 of the Dungeon.
             The game lasted 00:04:30 (2495 turns).

Lightli the Covered (Deep Dwarf Fighter)            Turns: 2495, Time: 00:04:30

Health: 24/46      AC: 11    Str: 20    XL:     5   Next: 70%
Magic:  5/5        EV:  4    Int: 11    God:
Gold:   88         SH:  7    Dex: 13    Spells: 0 memorised, 4 levels left

rFire  . . .     SeeInvis .     h - -1 hand axe (curse)
rCold  . . .     Clarity  .     e - +0 chain mail
rNeg   . . .     SustAb   +     c - +0 shield
rPois  .         Gourm    .     k - +1 helmet
rElec  .         Spirit   .     r - +0 cloak
rCorr  .         Warding  .     (no gloves)
rMut   +         Stasis   .     (no boots)
MR     .....                    o - amulet of resist mutation
Stlth  ..........               y - +3 ring of intelligence
                                i - ring of sustain abilities

@: non-regenerating, very heavily drained, not resistant to hostile
enchantments, extremely unstealthy
A: damage resistance, recharge devices, sense surroundings 1, slow healing 3
a: Device Recharging


You were on level 3 of the Dungeon.
You were hungry.

You visited 1 branch of the dungeon, and saw 3 of its levels.

You collected 88 gold pieces.

Inventory:

Hand weapons
 h - a cursed -1 hand axe (weapon)
Armour
 b - a +0 scale mail
 c - a +0 shield (worn)
 e - a +0 chain mail (worn)
 k - a +1 helmet (worn)
 r - a +0 cloak (worn)
Jewellery
 i - a ring of sustain abilities (left hand)
 n - an uncursed amulet of the gourmand
 o - an amulet of resist mutation (around neck)
 y - a +3 ring of intelligence (right hand)
Magical devices
 d - a wand of heal wounds (6)
 w - a wand of digging (15)
Scrolls
 j - 3 scrolls of teleportation
 u - 2 scrolls of identify
 x - a scroll of magic mapping
Potions
 p - a potion of restore abilities
 q - a potion of agility
 s - a potion of curing
 t - 2 potions of cure mutation
 v - a potion of cancellation
Comestibles
 f - 3 bread rations
 l - 3 meat rations
 m - a beef jerky


   Skills:
 - Level 2.6(0.0) Fighting
 + Level 4.9(0.0) Axes
 + Level 5.5(0.0) Armour
 - Level 3.2(0.0) Shields


You had 4 spell levels left.
You didn't know any spells.

Dungeon Overview and Level Annotations

Branches:
Dungeon (3/15)

Altars:
Ru

Annotations:
D:3 Yospos' ghost, average KoGl


Innate Abilities, Weirdness & Mutations

You are resistant to damage.
You can recharge devices by infusing magical energy.
You passively map a small area around you.
You do not heal naturally.


Message History

All of the chunks of flesh in your inventory have rotted away.
You hit Yospos' ghost but do no damage. The bat hits you but does no damage.
You block the bat's attack. Yospos' ghost hits you.
You block Yospos' ghost's attack.
You barely miss Yospos' ghost. You hit the bat but do no damage.
The bat barely misses you. The bat hits you but does no damage.
Yospos' ghost hits you.
You hit Yospos' ghost.
Yospos' ghost is lightly damaged.
You hit the bat but do no damage. The bat hits you but does no damage.
The bat hits you but does no damage. Yospos' ghost hits you.
You block the bat's attack.
You closely miss Yospos' ghost.
Yospos' ghost is lightly damaged.
You miss the bat. The bat hits you but does no damage.
The bat hits you but does no damage.
Yospos' ghost hits you but does no damage.
The bat hits you but does no damage.
Yospos' ghost hits you but does no damage.
Are you sure you want to abandon this character and quit the game? (Confirm with "yes".)

####....# #
#..#....###########
#..#....W.W........
#..#....######.)###
*#..###[.........##
#...W..####......#
#g####...g........
* #W# #####....W...
,* #@#* ##......#
#b.# ##....##
*##..# ##....# *
#/.# ###.#..# *
*#.# ####......# .#
#.......... ,#
#.......... ,
#......#... , *.
#......#...


You could see Yospos' ghost, a goblin and a bat.

Vanquished Creatures
  A phantom (D:3)
  2 orc wizards (D:3)
  A giant mite (D:3)
  2 giant geckos
  4 oozes
  10 orcs (D:3)
  8 bats
  3 giant cockroaches
  4 hobgoblins
  2 quokkas
  A giant newt (D:1)
  5 goblins
  7 kobolds
  11 rats
61 creatures vanquished.

Notes
Turn   | Place    | Note
--------------------------------------------------------------
     0 | D:1      | Lightli, the Deep Dwarf Fighter, began the quest for the Orb.
     0 | D:1      | Reached XP level 1. HP: 20/20 MP: 1/1
   209 | D:1      | Reached XP level 2. HP: 21/27 MP: 2/2
   789 | D:2      | Reached skill level 4 in Armour
   826 | D:2      | Found a sacrificial altar of Ru.
   867 | D:2      | Reached XP level 3. HP: 19/33 MP: 3/3
  1770 | D:3      | Reached XP level 4. HP: 19/40 MP: 4/4
  1804 | D:3      | Noticed Yospos' ghost (average KoGl)
  2072 | D:3      | Noticed a phantom
  2388 | D:3      | Killed a phantom
  2388 | D:3      | Reached skill level 5 in Armour
  2388 | D:3      | Reached XP level 5. HP: 46/46 MP: 5/5
  2495 | D:3      | Quit the game

Action                   |  1- 3 |  4- 6 || total
-------------------------+-------+-------++-------
Melee: War axe           |    18 |       ||    18
       Hand axe          |   199 |   124 ||   323
Evoke: Wand              |     1 |     2 ||     3
  Use: Scroll            |    14 |       ||    14
       Potion            |       |     1 ||     1
  Eat: Chunk             |     2 |     3 ||     5
